 Dungeon Crawl Stone Soup version 0.17.2-2-g6415ff710d (webtiles) character file.

102 Maxtimot the Shooter (level 4, 0/36 HPs)
             Began as a Centaur Hunter on Apr 1, 2023.
             Succumbed to an adder's poison
             ... on level 2 of the Dungeon.
             The game lasted 00:05:57 (1206 turns).

Maxtimot the Shooter (Centaur Hunter)               Turns: 1206, Time: 00:05:57

Health: 0/36       AC:  5    Str: 19    XL:     4   Next: 49%
Magic:  4/4        EV:  9    Int: 10    God:
Gold:   65         SH:  0    Dex: 11    Spells: 0 memorised, 3 levels left

rFire  . . .     SeeInvis .     b - +0 spear
rCold  . . .     Clarity  .     c - +1 leather armour
rNeg   . . .     SustAt   .     (no shield)
rPois  .         Gourm    .     (no helmet)
rElec  .         Spirit   .     (no cloak)
rCorr  .         Warding  .     (no gloves)
rMut   .         Stasis   .     (no barding)
MR     .....                    (no amulet)
Stlth  +.........               (no ring)
                                (no ring)

@: mighty, lethally poisoned (0 -> -3), very quick, not resistant to hostile
enchantments, very unstealthy
A: hooves 3, deformed body, speed 2, tough skin 3
a: no special abilities


You were on level 2 of the Dungeon.
You were not hungry.

You visited 1 branch of the dungeon, and saw 2 of its levels.

You collected 65 gold pieces.

Inventory:

Hand Weapons
 a - a +2 shortbow
 b - a +0 spear (weapon)
Missiles
 d - 34 arrows
 q - 23 bolts
Armour
 c - a +1 leather armour (worn)
Scrolls
 g - a scroll of identify
 j - a scroll of noise {unknown}
Potions
 f - a potion of agility
 h - a potion of cure mutation {unknown}
 i - a potion of might
 l - a potion of brilliance {unknown}
 m - a potion of degeneration {unknown}
 n - a potion of ambrosia {unknown}
 p - a potion of curing {unknown}
Comestibles
 e - 3 bread rations
 o - a beef jerky


   Skills:
 + Level 2.2 Fighting
 + Level 0.3 Polearms
 + Level 6.9 Bows
 + Level 1.2 Armour
 + Level 1.6 Dodging
 + Level 0.5 Stealth


You had 3 spell levels left.
You didn't know any spells.

Dungeon Overview and Level Annotations

Branches:
Dungeon (2/15)

Altars:
Ashenzari

Annotations:
D:2 Natasha


Innate Abilities, Weirdness & Mutations

You have hooves in place of feet.
Armour fits poorly on your strangely shaped body.
You cover ground very quickly.
You have extremely tough skin (AC +3).


Message History

You closely miss Natasha.
Natasha is severely wounded.
You feel sick. Natasha closely misses you.
The adder bites you but does no damage.
You hit Natasha but do no damage.
Natasha is severely wounded.
Natasha claws you but does no damage. The adder bites you.
* * * LOW HITPOINT WARNING * * *
The adder bites you.
* * * LOW HITPOINT WARNING * * *
Natasha barely misses you.
Drink which item? (? for menu, Esc to quit)
It was a potion of might.
You feel very mighty all of a sudden. The adder bites you.
* * * LOW HITPOINT WARNING * * *
Natasha closely misses you.
You closely miss Natasha. Your kick misses Natasha.
Natasha is severely wounded.
You die...

#....# #.###### . #....#
#......# ..###....#
#....#.### ........#
####.....#
........######.....#
#####...............#
'#........#######....###
_#....>...+............#
##....S@..#######.......
......h...# #...†.#.
..?.[...$.# #.....#.
...###....# #######. ##
#.#### ## #. ##### #.
...... ## ...... ......


You could see Natasha and an adder.

Vanquished Creatures
  Jessica (D:2)
  Natasha (twice) (D:2)
  An adder (D:2)
  A worm (D:2)
  4 bats
  2 giant cockroaches (D:1)
  2 goblins
  3 hobgoblins
  A quokka (D:2)
  2 giant geckos
  A giant newt (D:2)
  6 kobolds
  5 rats
31 creatures vanquished.

Notes
Turn   | Place    | Note
--------------------------------------------------------------
     0 | D:1      | Maxtimot the Centaur Hunter began the quest for the Orb.
     0 | D:1      | Reached XP level 1. HP: 17/17 MP: 1/1
   317 | D:1      | Reached XP level 2. HP: 24/24 MP: 2/2
   718 | D:2      | Noticed Natasha
   729 | D:2      | Killed Natasha
   729 | D:2      | Reached skill level 6 in Bows
   729 | D:2      | Reached XP level 3. HP: 13/29 MP: 3/3
   910 | D:2      | Noticed Jessica
   915 | D:2      | Killed Jessica
   915 | D:2      | Reached skill level 1 in Armour
   915 | D:2      | Reached XP level 4. HP: 36/36 MP: 4/4
   951 | D:2      | Noticed Natasha
   956 | D:2      | Killed Natasha
  1192 | D:2      | Noticed Natasha
  1192 | D:2      | Found a shattered altar of Ashenzari.
  1204 | D:2      | HP: 1/36 [adder (2)]
  1206 | D:2      | Succumbed to an adder's poison

Action                   |  1- 3 |  4- 6 || total
-------------------------+-------+-------++-------
Melee: Spear             |    54 |    48 ||   102
       Short sword       |    11 |       ||    11
 Fire: Shortbow          |    19 |    10 ||    29
  Use: Scroll            |     4 |       ||     4
       Potion            |       |     1 ||     1
